SA
KENNESAW JETS @ CHICAGO TULA
07/04/2026
 
TOP OF THE 1ST
Kennesaw Jets batting - Pitching for Chicago Tula : LHP Jesús López
Pitching: LHP Jesús López
Batting: RHB Raúl Francisco 0-0: Ball
1-0: Called Strike
1-1: Ball
2-1: Foul Ball, location: 2F
2-2: Ball
3-2: Strikes out swinging
Batting: RHB Omar Durán 0-0: Ball
1-0: Ball
2-0: Called Strike
2-1: Ball
3-1: Foul Ball, location: 2F
3-2: SINGLE (Groundball, 56D)
Batting: LHB Pedro Corona 0-0: Called Strike
0-1: Called Strike
0-2: Foul Ball, location: 2F
0-2: Ball
1-2: Strikes out swinging
Batting: RHB Enoch Reinhardt 0-0: Called Strike
0-1: Foul Ball, location: 2F
0-2: Ball
1-2: Strikes out swinging
Top of the 1st over - 0 run(s), 1 hit(s), 0 error(s), 1 left on base; Kennesaw 0 - Chicago 0
BOTTOM OF THE 1ST
Chicago Tula batting - Pitching for Kennesaw Jets : RHP Esteban Ramos
Pitching: RHP Esteban Ramos
Batting: RHB Micheal Lovell 0-0: Called Strike
0-1: Ball
1-1: Ball
2-1: Fly out, F9 (Line Drive, 89M)
Batting: RHB Howard Ickes 0-0: Ball
1-0: Called Strike
1-1: Called Strike
1-2: Ball
2-2: Foul Ball, location: 2F
2-2: Foul Ball, location: 2F
2-2: Ball
3-2: Base on Balls
Batting: RHB Rubén Dubón 0-0: Ball
1-0: Called Strike
1-1: Ball
2-1: Foul Ball, location: 2F
2-2: Ball
3-2: Base on Balls
Howard Ickes to second
Batting: RHB Júlio Vargas 0-0: Ball
1-0: Grounds into double play, 5-4-3 (Groundball, 56)
Bottom of the 1st over - 0 run(s), 0 hit(s), 0 error(s), 1 left on base; Kennesaw 0 - Chicago 0
TOP OF THE 2ND
Kennesaw Jets batting - Pitching for Chicago Tula : LHP Jesús López
Batting: RHB Vic Richards 0-0: Foul Ball, location: 2F
0-1: Ball
1-1: Foul Ball, location: 2F
1-2: Foul Ball, location: 2F
1-2: Ball
2-2: Foul Ball, location: 2F
2-2: Foul Ball, location: 2F
2-2: Ball
3-2: Strikes out looking
Batting: RHB José Pińa 0-0: Ball
1-0: Foul Ball, location: 2F
1-1: Ball
2-1: Ball
3-1: Foul Ball, location: 2F
3-2: Ground out 5-3 (Groundball, 56)
Batting: RHB Bernardo Martínez 0-0: Called Strike
0-1: Foul Ball, location: 2F
0-2: Fly out, F9 (Flyball, 9S)
Top of the 2nd over - 0 run(s), 0 hit(s), 0 error(s), 0 left on base; Kennesaw 0 - Chicago 0
BOTTOM OF THE 2ND
Chicago Tula batting - Pitching for Kennesaw Jets : RHP Esteban Ramos
Batting: RHB Arturo Scantlebury 0-0: Swinging Strike
0-1: Ball
1-1: Ball
2-1: Swinging Strike
2-2: Foul Ball, location: 2F
2-2: Ball
3-2: Foul Ball, location: 2F
3-2: Strikes out swinging
Batting: RHB José Olvera 0-0: Ball
1-0: Ball
2-0: Ball
3-0: Base on Balls
Batting: RHB Apu Nahasapeemapetilon 0-0: Ball
1-0: Called Strike
1-1: Called Strike
1-2: Ground out 5-3 (Groundball, 56S)
José Olvera to second
Batting: RHB Zahid Kashani 0-0: Ball
1-0: SINGLE (Flyball, 78S)
José Olvera to third
Runner from 3rd tries for Home, SAFE, no throw
Batting: RHB José Morán 0-0: Foul Ball, location: 2F
0-1: Ball
1-1: Fielders Choice at 2nd, 6-4 (Groundball, 6)
Bottom of the 2nd over - 1 run(s), 1 hit(s), 0 error(s), 0 left on base; Kennesaw 0 - Chicago 1
TOP OF THE 3RD
Kennesaw Jets batting - Pitching for Chicago Tula : LHP Jesús López
Batting: SHB Pedro Ortega 0-0: Foul Ball, location: 2F
0-1: Foul Ball, location: 2F
0-2: Strikes out swinging
Batting: LHB Manuel Márquez 0-0: Called Strike
0-1: Ball
1-1: Ball
2-1: Fly out, F8 (Flyball, 8LM)
Batting: RHB Raúl Francisco 0-0: Ball
1-0: Called Strike
1-1: Called Strike
1-2: Fly out, F7 (Flyball, 7LS)
Top of the 3rd over - 0 run(s), 0 hit(s), 0 error(s), 0 left on base; Kennesaw 0 - Chicago 1
BOTTOM OF THE 3RD
Chicago Tula batting - Pitching for Kennesaw Jets : RHP Esteban Ramos
Batting: RHB Micheal Lovell 0-0: Ball
1-0: Ball
2-0: Ball
3-0: Base on Balls
Batting: RHB Howard Ickes 0-0: Ball
1-0: Ball
2-0: Ball
3-0: Called Strike
3-1: Swinging Strike
3-2: Strikes out swinging
Micheal Lovell is caught stealing 2nd base
Batter strikes out.
Batting: RHB Rubén Dubón 0-0: Swinging Strike
0-1: SINGLE (Groundball, 6MD)
Batting: RHB Júlio Vargas 0-0: Ground out 5-3 (Groundball, 5S)
Bottom of the 3rd over - 0 run(s), 1 hit(s), 0 error(s), 1 left on base; Kennesaw 0 - Chicago 1
TOP OF THE 4TH
Kennesaw Jets batting - Pitching for Chicago Tula : LHP Jesús López
Batting: RHB Omar Durán 0-0: Foul Ball, location: 2F
0-1: Swinging Strike
0-2: Strikes out swinging
Batting: LHB Pedro Corona 0-0: Ground out U3 (Groundball, 3)
Batting: RHB Enoch Reinhardt 0-0: Ball
1-0: Called Strike
1-1: Ball
2-1: Foul Ball, location: 2F
2-2: Foul Ball, location: 2F
2-2: Strikes out swinging
Top of the 4th over - 0 run(s), 0 hit(s), 0 error(s), 0 left on base; Kennesaw 0 - Chicago 1
BOTTOM OF THE 4TH
Chicago Tula batting - Pitching for Kennesaw Jets : RHP Esteban Ramos
Batting: RHB Arturo Scantlebury 0-0: Called Strike
0-1: Foul Ball, location: 2F
0-2: Ball
1-2: Fly out, F7 (Flyball, 78M)
Batting: RHB José Olvera 0-0: Ball
1-0: Ball
2-0: Ball
3-0: Called Strike
3-1: Called Strike
3-2: Foul Ball, location: 2F
3-2: Base on Balls
Batting: RHB Apu Nahasapeemapetilon 0-0: Called Strike
0-1: Ball
1-1: Swinging Strike
1-2: Strikes out looking
Batting: RHB Zahid Kashani 0-0: Ball
José Olvera is caught stealing 2nd base
Bottom of the 4th over - 0 run(s), 0 hit(s), 0 error(s), 0 left on base; Kennesaw 0 - Chicago 1
TOP OF THE 5TH
Kennesaw Jets batting - Pitching for Chicago Tula : LHP Jesús López
Batting: RHB Vic Richards 0-0: SINGLE (Line Drive, 7LS)
Batting: RHB José Pińa 0-0: Swinging Strike
0-1: Fly out, F9 (Flyball, 9)
Batting: RHB Bernardo Martínez 0-0: Fly out, F7 (Flyball, 78S)
Batting: SHB Pedro Ortega 0-0: Ball
1-0: Called Strike
1-1: Ball
2-1: Ball
3-1: Foul Ball, location: 2F
3-2: Base on Balls
Vic Richards to second
Batting: LHB Manuel Márquez 0-0: Ball
1-0: Called Strike
1-1: Swinging Strike
1-2: Reached on error, E5 (Groundball, 56)
Vic Richards to third
Pedro Ortega to second
Batting: RHB Raúl Francisco 0-0: Ball
1-0: SINGLE (Flyball, 8LS)
Vic Richards scores
Pedro Ortega to third
Manuel Márquez to second
Runner from 3rd tries for Home, SAFE, no throw
Batting: RHB Omar Durán 0-0: Ground out 3-1 (Groundball, 34S)
Top of the 5th over - 2 run(s), 2 hit(s), 1 error(s), 2 left on base; Kennesaw 2 - Chicago 1
BOTTOM OF THE 5TH
Chicago Tula batting - Pitching for Kennesaw Jets : RHP Esteban Ramos
Batting: RHB Zahid Kashani 0-0: Ball
1-0: Foul Ball, location: 2F
1-1: Ball
2-1: Swinging Strike
2-2: Foul Ball, location: 2F
2-2: Ball
3-2: Foul Ball, location: 2F
3-2: Foul Ball, location: 2F
3-2: Ground out 4-3 (Groundball, 4M)
Batting: RHB José Morán 0-0: Ball
1-0: Foul Ball, location: 2F
1-1: Ground out U3 (Groundball, 3)
Batting: RHB Micheal Lovell 0-0: Ball
1-0: Called Strike
1-1: Fly out, F3 (Flyball, 3DF)
Bottom of the 5th over - 0 run(s), 0 hit(s), 0 error(s), 0 left on base; Kennesaw 2 - Chicago 1
TOP OF THE 6TH
Kennesaw Jets batting - Pitching for Chicago Tula : LHP Jesús López
Batting: LHB Pedro Corona 0-0: Ball
1-0: Swinging Strike
1-1: Called Strike
1-2: Ball
2-2: DOUBLE (Flyball, 9)
Batting: RHB Enoch Reinhardt 0-0: Intentional Walk
Batting: RHB Vic Richards 0-0: Ball
1-0: Swinging Strike
1-1: Foul Ball, location: 2F
1-2: Strikes out swinging
Batting: RHB José Pińa 0-0: Called Strike
0-1: Ball
1-1: Ball
2-1: Foul Ball, location: 2F
2-2: Ball
3-2: Strikes out looking
Batting: RHB Bernardo Martínez 0-0: Foul Ball, location: 2F
0-1: Ball
1-1: Called Strike
1-2: Strikes out looking
Top of the 6th over - 0 run(s), 1 hit(s), 0 error(s), 2 left on base; Kennesaw 2 - Chicago 1
BOTTOM OF THE 6TH
Chicago Tula batting - Pitching for Kennesaw Jets : RHP Esteban Ramos
Batting: RHB Howard Ickes 0-0: Ball
1-0: Ball
2-0: Ball
3-0: Base on Balls
Pitching: LHP Troy Thorn
Batting: RHB Rubén Dubón 0-0: Ball
1-0: Ball
2-0: Ball
3-0: Called Strike
3-1: Base on Balls
Howard Ickes to second
Batting: RHB Júlio Vargas 0-0: Ball
1-0: Ball
2-0: Called Strike
2-1: Reached on error, E5 (Groundball, 56S)
Howard Ickes scores
Rubén Dubón to third
Batting: RHB Arturo Scantlebury 0-0: Ball
1-0: Foul Ball, location: 2F
1-1: Ball
2-1: Foul Ball, location: 2F
2-2: Hit by Pitch
Batting: RHB José Olvera 0-0: Called Strike
0-1: Swinging Strike
0-2: Ball
1-2: Ball
2-2: Ball
3-2: Foul Ball, location: 2F
3-2: Strikes out swinging
Batting: RHB Apu Nahasapeemapetilon 0-0: Called Strike
0-1: Ball
1-1: Ball
2-1: Foul Ball, location: 2F
2-2: Grounds into fielders choice 6-2 (Groundball, 56)
Júlio Vargas to third
Arturo Scantlebury to second
Batting: RHB Zahid Kashani 0-0: Ball
1-0: Fly out, F8 (Flyball, 8RS)
Bottom of the 6th over - 1 run(s), 0 hit(s), 1 error(s), 3 left on base; Kennesaw 2 - Chicago 2
TOP OF THE 7TH
Kennesaw Jets batting - Pitching for Chicago Tula : LHP Jesús López
Pitching: LHP Marcos Beringel
Batting: SHB Pedro Ortega 0-0: Ball
1-0: Ball
2-0: Ball
3-0: Base on Balls
Pinch Hitting: RHB Bennett Whitaker 0-0: Ball
Balk!
Pedro Ortega to second
1-0: Sac Bunt - play at first, batter OUT! 1-4
Pedro Ortega to third
Batting: RHB Raúl Francisco 0-0: Intentional Walk
Pinch Hitting: SHB Jesús Valdés 0-0: Ball
1-0: Swinging Strike
1-1: Called Strike
1-2: Strikes out swinging
Batting: LHB Pedro Corona 0-0: Ball
1-0: Called Strike
1-1: Ball
2-1: Foul Ball, location: 2F
2-2: SINGLE (Groundball, 6MD)
Pedro Ortega scores
Raúl Francisco to second
Runner from 2nd tries for 3rd, SAFE, throw made to third
Pedro Corona to second
Batting: RHB Enoch Reinhardt 0-0: Ball
1-0: Ball
2-0: Foul Ball, location: 2F
2-1: Ball
3-1: Base on Balls
Batting: RHB Vic Richards 0-0: Fly out, F9 (Flyball, 9S)
Top of the 7th over - 1 run(s), 1 hit(s), 0 error(s), 3 left on base; Kennesaw 3 - Chicago 2
BOTTOM OF THE 7TH
Chicago Tula batting - Pitching for Kennesaw Jets : LHP Troy Thorn
Now at SS: Bennett Whitaker
Now in CF: Buck Bettis
Batting: RHB José Morán 0-0: Called Strike
0-1: Ball
1-1: Ball
2-1: Foul Ball, location: 2F
2-2: Strikes out looking
Batting: RHB Micheal Lovell 0-0: Ball
1-0: Fly out, F9 (Flyball, 9S)
Batting: RHB Howard Ickes 0-0: Ball
1-0: Foul Ball, location: 2F
1-1: Ball
2-1: Ball
3-1: Base on Balls
Batting: RHB Rubén Dubón 0-0: Called Strike
0-1: SINGLE (Line Drive, 8LS)
Howard Ickes to second
Batting: RHB Júlio Vargas 0-0: Ball
1-0: Ball
2-0: SINGLE (Groundball, 3D)
Howard Ickes to third
Rubén Dubón to second
Runner from 3rd tries for Home, SAFE, no throw
Pinch Hitting: RHB Juan Chávez 0-0: Foul Ball, location: 2F
0-1: Ball
1-1: Ball
2-1: Called Strike
2-2: Strikes out swinging
Bottom of the 7th over - 1 run(s), 2 hit(s), 0 error(s), 2 left on base; Kennesaw 3 - Chicago 3
TOP OF THE 8TH
Kennesaw Jets batting - Pitching for Chicago Tula : LHP Marcos Beringel
Now at 1B: Dani Durán
Batting: RHB José Pińa 0-0: Called Strike
0-1: Ball
1-1: Ball
2-1: Swinging Strike
2-2: Reached on error, E6 (Groundball, 6)
Batting: RHB Bernardo Martínez 0-0: Reached on error, E1 (Groundball, 15S)
José Pińa to second
Batting: SHB Pedro Ortega 0-0: Bunted foul
0-1: Sac Bunt - play at third, runner OUT! 2-6
Bernardo Martínez to second
Batting: RHB Bennett Whitaker 0-0: Bunted foul
0-1: Bunted foul
0-2: Fielders Choice at 2nd, 4-6 (Groundball, 4)
Bernardo Martínez to third
Batting: RHB Raúl Francisco 0-0: Called Strike
0-1: Ball
1-1: Fielders Choice at 2nd, 5-4 (Groundball, 5L)
Top of the 8th over - 0 run(s), 0 hit(s), 2 error(s), 1 left on base; Kennesaw 3 - Chicago 3
BOTTOM OF THE 8TH
Chicago Tula batting - Pitching for Kennesaw Jets : LHP Troy Thorn
Batting: RHB José Olvera 0-0: Called Strike
0-1: Ball
1-1: Fly out, F9 (Flyball, 9LM)
Batting: RHB Apu Nahasapeemapetilon 0-0: Foul Ball, location: 2F
0-1: Fly out, F7 (Flyball, 7)
Batting: RHB Zahid Kashani 0-0: Ball
1-0: Called Strike
1-1: Ball
2-1: Ground out 5-3 (Groundball, 56)
Bottom of the 8th over - 0 run(s), 0 hit(s), 0 error(s), 0 left on base; Kennesaw 3 - Chicago 3
TOP OF THE 9TH
Kennesaw Jets batting - Pitching for Chicago Tula : LHP Marcos Beringel
Pitching: RHP Joseph Chartier
Pinch Hitting: LHB Jim Unknown 0-0: Ball
1-0: Fly out, F7 (Flyball, 7LSF)
Batting: LHB Pedro Corona 0-0: Fly out, F9 (Flyball, 9LS)
Pinch Hitting: LHB Vicente Matos 0-0: Called Strike
0-1: SOLO HOME RUN (Flyball, 9D), Distance : 367 ft
Batting: RHB Vic Richards 0-0: Called Strike
0-1: Ball
1-1: Foul Ball, location: 2F
1-2: Strikes out looking
Top of the 9th over - 1 run(s), 1 hit(s), 0 error(s), 0 left on base; Kennesaw 4 - Chicago 3
BOTTOM OF THE 9TH
Chicago Tula batting - Pitching for Kennesaw Jets : LHP Troy Thorn
Pitching: LHP Hakan Yilmanz
Now at C: Shannon Corzo
Now in CF: Jim Unknown
Now in RF: Jim Unknown
Pinch Hitting: LHB Miguel Gazivoda 0-0: Ball
1-0: Called Strike
1-1: Foul Ball, location: 2F
1-2: Foul Ball, location: 2F
1-2: Foul Ball, location: 2F
1-2: Strikes out looking
Pinch Hitting: RHB Paul Dawsey 0-0: Called Strike
0-1: DOUBLE (Line Drive, 7LM)
Batting: RHB Howard Ickes 0-0: Called Strike
0-1: Swinging Strike
0-2: Strikes out looking
Batting: RHB Rubén Dubón 0-0: Ball
1-0: Called Strike
1-1: Ball
2-1: Ball
3-1: SINGLE (Line Drive, 7LS)
Paul Dawsey to third
Batting: RHB Júlio Vargas 0-0: Foul Ball, location: 2F
0-1: Ball
1-1: Called Strike
1-2: DOUBLE (Flyball, 8RM)
Paul Dawsey scores
Rubén Dubón to third
Pinch Hitting: RHB Alejandro Pérez 0-0: Ball
1-0: Called Strike
1-1: SINGLE (Groundball, 4MD)
Rubén Dubón scores
Monday, March 20th, 2017 - OOTP Baseball 17.12 Build 75